 Dungeon Crawl Stone Soup version 0.28.0-53-g5a82cb258f (webtiles) character file.

Game seed: 5216158284165756751

233559 PentaManta the Slayer (level 19, 0/140 HPs)
             Began as a Gargoyle Berserker on June 15, 2022.
             Was the Champion of Trog.
             Killed from afar by a bog body (11 damage)
             ... with a bolt of cold
             ... on level 3 of the Swamp.
             The game lasted 01:16:20 (31909 turns).

PentaManta the Slayer (Gargoyle Berserker)         Turns: 31909, Time: 01:16:21

Health: 0/140      AC: 51    Str: 29    XL:     19   Next: 57%
Magic:  19/19      EV:  8    Int: 11    God:    Trog [******]
Gold:   387        SH: 30    Dex: 15    Spells: 18/18 levels left

rFire   . . .      SeeInvis +   y - +9 demon whip (vorpal)
rCold   + . .      Faith    .   p - +8 tower shield {reflect}
rNeg    + + .      Spirit   .   T - +10 plate armour "Tope" {rElec rCorr}
rPois   ∞          Reflect  +   L - +0 helmet
rElec   +          Harm     .   J - scarf {repulsion}
rCorr   +          Rampage  .   Z - +2 pair of gloves
Will    ++...                   N - +1 pair of boots
Stlth   ..........              Q - amulet "Jiemiere" {rC+ Regen+ rCorr}
HPRegen 1.13/turn               Y - ring of willpower
MPRegen 0.16/turn               W - ring of Laubiat {rElec rN+ Str+3 Dex+6 SInv}

@: on berserk cooldown, flying, slowed, studying Throwing, repel missiles, very
slow
A: sickness immunity, AC +14, big wings, negative energy resistance 1,
electricity resistance, torment resistance 1, petrification resistance
}: 1/15 runes: serpentine
a: Renounce Religion, Berserk, Trog's Hand, Brothers in Arms


You were on level 3 of the Swamp.
You worshipped Trog.
Trog was exalted by your worship.
You visited 7 branches of the dungeon, and saw 34 of its levels.
You also visited: Bailey and Ice Cave.

You collected 3711 gold pieces.
You spent 3324 gold pieces at shops.

Inventory:

Hand Weapons
 d - a +3 antimagic mace
 i - a +4 broad axe of draining
 k - a +9 eveningstar
 y - a +9 vorpal demon whip (weapon)
Missiles
 b - 3 throwing nets (quivered)
Armour
 p - a +8 tower shield of reflection (worn)
 r - +0 pearl dragon scales
 A - a +0 robe
 J - a scarf of repulsion (worn)
 L - a +0 helmet (worn)
 N - a +1 pair of boots (worn)
 S - a +2 cloak of preservation
 T - the +10 plate armour "Tope" (worn) {rElec rCorr}
   (You found it in a bailey)

   rElec:     It insulates you from electricity.
   rCorr:     It protects you from acid and corrosion.
 Z - a +2 pair of gloves (worn)
Jewellery
 l - a ring of protection from fire
 o - an amulet of reflection
 u - a ring of ice
 w - the ring "Astise Usico" {Wiz Will+}
   (You found it on level 3 of the Elven Halls)

   [ring of wizardry]

   It improves your spell success rate.
   Will:      It increases your willpower.
 G - a ring of ice
 K - a ring of resist corrosion
 Q - the amulet "Jiemiere" (around neck) {rC+ Regen+ rCorr}
   (You took it off a deep elf annihilator on level 3 of the Elven Halls)

   [amulet of regeneration]

   rC:        It protects you from cold.
   Regen:     It increases your rate of health regeneration.
   rCorr:     It protects you from acid and corrosion.
 R - the ring of Geino {rF+ Str+6 Int+4}
   (You took it off a deep elf master archer on level 3 of the Elven Halls)

   [ring of strength]

   Str:       It affects your strength (+6).
   Int:       It affects your intelligence (+4).
   rF:        It protects you from fire.
 W - the ring of Laubiat (right hand) {rElec rN+ Str+3 Dex+6 SInv}
   (You took it off a deep elf knight on level 3 of the Elven Halls)

   [ring of dexterity]

   Str:       It affects your strength (+3).
   Dex:       It affects your dexterity (+6).
   rElec:     It insulates you from electricity.
   rN:        It protects you from negative energy.
   SInv:      It lets you see invisible.
 Y - a ring of willpower (left hand)
Wands
 m - a wand of iceblast (16)
 q - a wand of paralysis (20)
 x - a wand of polymorph (20)
 O - a wand of digging (12)
 X - a wand of acid (16)
Scrolls
 c - 3 scrolls of silence
 f - 6 scrolls of teleportation
 g - 6 scrolls of fear
 s - 5 scrolls of blinking
 v - a scroll of enchant armour
 B - 4 scrolls of immolation
 C - 5 scrolls of fog
 F - a scroll of summoning
 P - 5 scrolls of holy word
 U - 5 scrolls of magic mapping
Potions
 a - 8 potions of lignification
 e - 5 potions of haste
 h - 14 potions of heal wounds
 j - 13 potions of curing
 t - 2 potions of invisibility
 z - 3 potions of berserk rage
 D - 7 potions of might
 E - 3 potions of attraction
 H - 11 potions of mutation
 I - 3 potions of ambrosia
 M - 3 potions of resistance
 V - 4 potions of cancellation
Miscellaneous
 n - a phantom mirror


   Skills:
 - Level 22.5 Fighting
 - Level 14.0 Maces & Flails
 - Level 18.1 Armour
 - Level 1.5 Dodging
 * Level 20.2 Shields


You had 18 spell levels left.
You didn't know any spells.
Your spell library contained the following spells:

 Spells                   Type           Power      Damage    Failure   Level
 Beastly Appendage        Tmut           0%         N/A       98%         1
 Freeze                   Ice            0%         1d3       98%         1
 Shock                    Conj/Air       0%         1d3       98%         1
 Slow                     Hex            0%         N/A       98%         1
 Summon Small Mammal      Summ           0%         N/A       98%         1
 Blink                    Tloc           0%         N/A       99%         2
 Ensorcelled Hibernation  Hex/Ice        0%         N/A       99%         2
 Scorch                   Fire           0%         2d5       99%         2
 Call Canine Familiar     Summ           0%         N/A       100%        3
 Confusing Touch          Hex            0%         N/A       100%        3
 Conjure Flame            Conj/Fire      0%         6-21      100%        3
 Dazzling Flash           Conj/Hex       0%         N/A       100%        3
 Frozen Ramparts          Ice            0%         1d2       100%        3
 Gell's Gravitas          Tloc           0%         N/A       100%        3
 Ignite Poison            Fire/Tmut/Pois 0%         N/A       100%        3
 Inner Flame              Hex/Fire       0%         N/A       100%        3
 Lesser Beckoning         Tloc           0%         N/A       100%        3
 Spider Form              Tmut/Pois      0%         N/A       100%        3
 Stone Arrow              Conj/Erth      0%         3d7       100%        3
 Summon Guardian Golem    Hex/Summ       0%         N/A       100%        3
 Swiftness                Air            0%         N/A       100%        3
 Teleport Other           Tloc           0%         N/A       100%        3
 Tukima's Dance           Hex            0%         N/A       100%        3
 Vampiric Draining        Necr           0%         2d6       100%        3
 Airstrike                Air            0%         N/A       100%        4
 Anguish                  Hex/Necr       0%         N/A       100%        4
 Animate Dead             Necr           0%         N/A       100%        4
 Cause Fear               Hex            0%         N/A       100%        4
 Hailstorm                Conj/Ice       0%         3d3       100%        4
 Ice Form                 Ice/Tmut       0%         N/A       100%        4
 Leda's Liquefaction      Hex/Erth       0%         N/A       100%        4
 Passage of Golubria      Tloc           0%         N/A       100%        4
 Sticky Flame             Conj/Fire      0%         2d3       100%        4
 Summon Lightning Spire   Summ/Air       0%         N/A       100%        4
 Agony                    Necr           0%         N/A       100%        5
 Blade Hands              Tmut           0%         N/A       100%        5
 Excruciating Wounds      Necr           0%         N/A       100%        5
 Fireball                 Conj/Fire      0%         3d3       100%        5
 Irradiate                Conj/Tmut      0%         3d13      100%        5
 Lightning Bolt           Conj/Air       0%         1d11      100%        5
 Manifold Assault         Tloc           0%         N/A       100%        5
 Silence                  Hex/Air        0%         N/A       100%        5
 Summon Forest            Summ/Tloc      0%         N/A       100%        5
 Summon Mana Viper        Hex/Summ       0%         N/A       100%        5
 Yara's Violent Unravell  Hex/Tmut       0%         3d3       100%        5
 Conjure Ball Lightning   Conj/Air       0%         3x3d6     100%        6
 Dispersal                Tloc           0%         N/A       100%        6
 Eringya's Noxious Bog    Tmut/Pois      0%         N/A       100%        6
 Simulacrum               Ice/Necr       0%         N/A       100%        6
 Summon Cactus Giant      Summ           0%         N/A       100%        6
 Dragon Form              Tmut           0%         N/A       100%        7
 Haunt                    Necr/Summ      0%         N/A       100%        7
 Malign Gateway           Summ/Tloc      0%         N/A       100%        7
 Monstrous Menagerie      Summ           0%         N/A       100%        7
 Storm Form               Tmut/Air       0%         N/A       100%        7
 Discord                  Hex            0%         N/A       100%        8
 Ignition                 Fire           0%         3d3       100%        8
 Infestation              Necr           0%         N/A       100%        8
 Lehudib's Crystal Spear  Conj/Erth      0%         10d2      100%        8
 Statue Form              Tmut/Erth      Unusable   N/A       N/A         6

Dungeon Overview and Level Annotations

Branches:
Dungeon (15/15)            Temple (1/1) D:5            Lair (6/6) D:9
  Swamp (3/4) Lair:4        Snake (4/4) Lair:4        Slime (0/5) Lair:6
    Orc (2/2) D:10            Elf (3/3) Orc:2        Vaults (0/5) D:14
 Depths (0/4) D:15         Bailey (visited)           IceCv (visited)

Altars:
Ashenzari
Cheibriados
Dithmenos
Elyvilon
Fedhas
Gozag
Hepliaklqana
Kikubaaqudgha
Makhleb
Nemelex Xobeh
Okawaru
Qazlal
Ru
Sif Muna
Trog
Uskayaw
Vehumet
Wu Jian
Xom
Yredelemnul
Zin
The Shining One
Beogh

Shops:
D:9 =   D:11 *   D:13 *   Orc:2 (=*[!   Elf:1 *   Elf:3 !   Snake:1 ??!(


Innate Abilities, Weirdness & Mutations

You are immune to sickness and miasma.
Your stone body is resilient. (AC +14)
You are immune to poison.
Your large and strong wings let you fly.
You resist negative energy. (rN+)
You are resistant to electric shocks. (rElec)
You are resistant to unholy torment.
You are immune to petrification.


Message History

The swamp worm is almost dead.
You block the swamp worm's attack.
You whack the swamp worm!
You kill the swamp worm!
Trog accepts your kill. You block the goliath frog's attack.
You whack the swamp worm!
The swamp worm is heavily wounded.
You block the swamp worm's attack.
You closely miss the swamp worm.
The swamp worm is heavily wounded.
You block the goliath frog's attack.
You thrash the swamp worm!!
You feel the power of Trog in you as your rage grows.
You kill the swamp worm!
Trog accepts your kill.
You whack the goliath frog!
The goliath frog is heavily wounded.
You block the goliath frog's attack.
You thrash the goliath frog!!
You kill the goliath frog!
Trog accepts your kill.
There is a stone staircase leading up, spattered with blood here.
You see here a goliath frog corpse.
You feel a strong urge to attack something.
You are no longer berserk.
You are exhausted.
You feel yourself slow down.
You barely miss the bog body.
The bog body points at you and mumbles some strange words.
The bolt of cold hits you! You resist.
* * * LOW HITPOINT WARNING * * *
You barely miss the bog body.
You are engulfed in freezing vapours.
You resist.
The bog body gestures at you while chanting.
The bolt of cold is repelled.
You feel better.
You are engulfed in freezing vapours.
You resist.
* * * LOW HITPOINT WARNING * * *
The bog body casts a spell at you. The bolt of cold hits you! You resist.
You die...

#.≈...≈.≈≈.≈≈
#≈≈.≈≈§.≈≈..≈
#.≈≈........♣
§≈...≈..≈>.♣
≈≈.≈≈≈.§≈♣
♣.≈..$≈.♣
♣♣≈)†♣≈≈♣
♣§§n)[≈.♣
♣♣≈@†§≈≈♣
♣)<♣.?♣♣
♣♣.≈≈♣♣ ♣°§♣♣
≈♣≈≈ § .≈. ♣.
≈≈.♣ ♣. ≈≈≈.
≈≈ (.≈..


You could see a bog body.

Vanquished Creatures
  Mlioglotl (Snake:4)
  3 deep elf blademasters
  2 deep elf master archers (Elf:3)
  Kirke (D:12)
  Agnes (Snake:1)
  The ghost of Peloso the Tortoise, an adept MiFi of Okawaru (Snake:1)
  Gastronok (D:11)
  A thorn hunter (Swamp:2)
  Donald (Elf:2)
  3 fenstrider witches (Swamp:2)
  Louise (D:15)
  4 deep elf sorcerers (Elf:3)
  5 nagarajas (Snake:4)
  An orc warlord (Orc:2)
  3 deep elf elementalists (Elf:3)
  A reaper (IceCv)
  5 deep elf demonologists
  4 bunyips
  2 eleionomae (Swamp:1)
  9 deep elf annihilators (Elf:3)
  An ettin (D:15)
  3 deep elf death magi (Elf:3)
  A fire dragon (shapeshifter) (Elf:3)
  3 deep elf high priests (Elf:3)
  A boulder beetle (D:12)
  9 hydras
  12 naga warriors
  Harold (D:8)
  Erolcha (D:12)
  A merfolk avatar (Lair:6)
  2 two-headed ogres
  2 salamander tyrants (Snake:4)
  6 centaur warriors
  2 catoblepae
  7 anacondas
  A tengu warrior (D:15)
  3 alligators
  25 dancing weapons
  6 death yaks
  2 naga sharpshooters
  An orc high priest (Orc:2)
  4 shock serpents
  13 deep elf knights
  3 spriggan druids
  5 salamander mystics
  2 deep trolls (D:15)
  6 sea snakes (Lair:6)
  15 deep elf archers
  4 goliath frogs
  3 bog bodies (Swamp:1)
  A swamp dragon (Swamp:3)
  A lindwurm (shapeshifter) (D:14)
  7 naga ritualists
  Pikel (D:7)
  25 deep elf pyromancers
  7 orc knights
  14 mana vipers
  22 ugly things
  2 necromancers
  24 deep elf zephyrmancers
  4 orc sorcerers
  3 manticores
  An oklob plant (Lair:6)
  A cyclops (D:14)
  10 salamanders
  25 black mambas
  10 elephants
  5 torpor snails
  A will-o-the-wisp (Swamp:3)
  6 guardian serpents
  17 naga magi
  2 ice statues (IceCv)
  A black mamba (shapeshifter) (D:14)
  2 gargoyles
  Joseph (D:7)
  13 cane toads
  2 kobold demonologists
  Maggie (Lair:1)
  An unseen horror (shapeshifter) (D:15)
  Psyche (D:11)
  14 komodo dragons
  5 rime drakes
  4 ice devils (IceCv)
  6 anaconda simulacra (IceCv)
  3 entropy weaver simulacra (IceCv)
  A tengu conjurer (D:15)
  5 trolls
  A queen bee (shapeshifter) (D:14)
  2 polar bears (Lair:6)
  4 hornets
  20 blink frogs
  16 slime creatures
  A snapping turtle (Lair:6)
  4 flying skulls (D:9)
  4 dream sheep (Lair:3)
  An air elemental (Elf:1)
  Sigmund (D:3)
  2 water elementals
  3 spriggans (Swamp:2)
  4 shadows
  7 wraiths
  33 yaks
  Eustachio (D:4)
  3 hogs (D:11)
  5 wyverns
  4 basilisks
  A death yak simulacrum (IceCv)
  2 steam dragons
  23 vampire mosquitoes
  Grum (D:11)
  42 nagas
  A harpy simulacrum (IceCv)
  10 wargs
  6 swamp worms
  3 acid dragons
  8 water moccasins
  40 orc warriors
  3 sky beasts
  A swamp drake (Swamp:1)
  A hornet zombie (D:8)
  A necrophage (D:6)
  9 ogres
  4 ice beasts
  2 black bears
  8 wolves
  5 boggarts (D:15)
  21 centaurs
  A lemure (D:7)
  A phantom (D:7)
  Blork the orc (D:5)
  14 bullfrogs
  3 kobold brigands
  4 wyvern zombies
  An earth elemental (Elf:1)
  A gnoll sergeant (D:10)
  A water moccasin zombie (D:5)
  A two-headed ogre simulacrum (IceCv)
  3 cane toad simulacra (IceCv)
  11 killer bees
  5 electric eels
  5 wights (D:9)
  5 howler monkeys
  5 centaur zombies
  2 bullfrog zombies
  A gnoll shaman (D:4)
  3 hounds
  13 jellies (Lair:6)
  17 orc priests
  4 centaur skeletons (D:9)
  Terence (D:2)
  27 orc wizards
  A scorpion zombie (D:5)
  Natasha (thrice) (D:2)
  9 hell rats
  A troll simulacrum (IceCv)
  2 killer bee zombies
  A wolf simulacrum (IceCv)
  5 howler monkey skeletons
  6 howler monkey zombies
  9 adders
  13 gnolls
  A shadow imp (D:5)
  An adder skeleton (D:4)
  A worm (D:2)
  4 dart slugs
  92 orcs
  4 ball pythons
  11 endoplasms
  3 giant cockroaches (D:1)
  5 hobgoblins
  5 quokkas
  5 bats
  4 frilled lizards
  19 goblins
  21 kobolds
  4 rats
  2 briar patches (Swamp:2)
  A bush (Lair:6)
1115 creatures vanquished.

Vanquished Creatures (others)
  A deep elf pyromancer (Elf:1)
  A deep elf zephyrmancer (Elf:1)
  A guardian serpent (Snake:4)
  A slime creature (D:12)
  An orc (Orc:2)
  4 foxfires (Swamp:3)
  18 fungi
  33 plants
60 creatures vanquished.

Grand Total: 1175 creatures vanquished

Notes
Turn   | Place    | Note
-------+----------+-------------------------------------------
     0 | D:1      | PentaManta the Gargoyle Berserker began the quest for the
                  | Orb.
     0 | D:1      | Reached XP level 1. HP: 14/14 MP: 1/1
   568 | D:1      | Found a faded altar of an unknown god.
   581 | D:1      | Reached XP level 2. HP: 12/19 MP: 2/2
  1761 | D:1      | Reached XP level 3. HP: 23/23 MP: 3/3
  2456 | D:2      | Found a glowing silver altar of Zin.
  2549 | D:2      | Reached XP level 4. HP: 28/28 MP: 4/4
  2560 | D:2      | You fall into a shaft and drop 1 floor!
  2579 | D:2      | Reached skill level 5 in Maces & Flails
  2587 | D:2      | Reached ** piety under Trog
  2727 | D:2      | Noticed Terence
  2738 | D:2      | Killed Terence
  2966 | D:2      | Noticed Natasha
  2975 | D:2      | Killed Natasha
  2976 | D:2      | Reached XP level 5. HP: 23/32 MP: 5/5
  3458 | D:2      | Noticed Natasha
  3466 | D:2      | Killed Natasha
  3580 | D:2      | Noticed Natasha
  3595 | D:2      | Killed Natasha
  3826 | D:2      | Found a glowing silver altar of Zin.
  4009 | D:3      | Noticed Sigmund
  4326 | D:3      | Killed Sigmund
  4327 | D:3      | Reached XP level 6. HP: 37/37 MP: 6/6
  4423 | D:3      | Identified the +6 falchion of Solemn Gallantry {vorpal, rF+
                  | Dex+5}
  4707 | D:3      | Reached XP level 7. HP: 41/41 MP: 7/7
  5249 | D:4      | Found a radiant altar of Vehumet.
  5356 | D:4      | Noticed Eustachio
  5373 | D:4      | Killed Eustachio
  5484 | D:4      | Reached *** piety under Trog
  5618 | D:4      | Reached XP level 8. HP: 43/46 MP: 8/8
  6240 | D:5      | Entered Level 5 of the Dungeon
  6259 | D:5      | Reached skill level 10 in Maces & Flails
  6510 | D:5      | Noticed Blork the orc
  6516 | D:5      | Killed Blork the orc
  6669 | D:5      | Found a glowing silver altar of Zin.
  6720 | D:5      | Noticed a troll
  6726 | D:5      | Killed a troll
  6728 | D:5      | Noticed a yak
  6733 | D:5      | Killed a yak
  6734 | D:5      | Reached XP level 9. HP: 51/51 MP: 9/9
  6841 | D:5      | Found a staircase to the Ecumenical Temple.
  6859 | Temple   | Entered the Ecumenical Temple
  7393 | D:6      | Found a sparkling altar of Nemelex Xobeh.
  7396 | D:6      | Found a shimmering blue altar of Sif Muna.
  7396 | D:6      | Found a hazy altar of Hepliaklqana.
  7397 | D:6      | Found a bloodstained altar of Trog.
  7398 | D:6      | Found a snail-covered altar of Cheibriados.
  7398 | D:6      | Found a broken altar of Ashenzari.
  7845 | D:7      | Noticed Pikel
  7860 | D:7      | Killed Pikel
  7937 | D:7      | Reached XP level 10. HP: 56/56 MP: 10/10
  7963 | D:7      | Noticed Joseph
  7973 | D:7      | Killed Joseph
  7974 | D:7      | Reached skill level 4 in Fighting
  8227 | D:7      | Reached **** piety under Trog
  8403 | D:7      | Found a stormy altar of Qazlal.
  8792 | D:8      | Noticed Harold
  8803 | D:8      | Killed Harold
  8804 | D:8      | Reached skill level 5 in Fighting
  8804 | D:8      | Reached skill level 5 in Armour
  9026 | D:8      | Reached skill level 6 in Fighting
  9150 | D:8      | Noticed a manticore
  9159 | D:8      | Killed a manticore
  9520 | D:9      | Found Don Mias's Jewellery Boutique.
  9546 | D:9      | Found a flagged portal.
  9563 | Bailey   | Entered a bailey
  9679 | Bailey   | Reached skill level 7 in Fighting
  9794 | Bailey   | Identified the +10 plate armour "Tope" {rElec rCorr}
  9797 | Bailey   | Got the Collected Works on Heat
  9979 | D:9      | Found a staircase to the Lair.
 10001 | D:9      | Reached XP level 11. HP: 68/68 MP: 11/11
 10012 | D:9      | Reached ***** piety under Trog
 10099 | D:9      | Found a hide-covered altar of Uskayaw.
 10165 | D:9      | Reached skill level 8 in Fighting
 10178 | D:9      | Found a sacrificial altar of Ru.
 10217 | D:9      | Found a blossoming altar of Fedhas.
 10299 | D:9      | Noticed a six-headed hydra
 10413 | D:9      | Noticed a necromancer
 10429 | D:9      | Reached skill level 9 in Fighting
 10440 | D:9      | Killed a necromancer
 10607 | D:9      | Reached skill level 10 in Fighting
 10934 | D:9      | Killed a six-headed hydra
 10935 | D:9      | Reached skill level 10 in Armour
 10967 | D:9      | Identified the +6 glaive of the Snake Pit {protect, Int+2
                  | Stlth+}
 11023 | D:10     | Entered Level 10 of the Dungeon
 11128 | D:10     | Reached XP level 12. HP: 79/79 MP: 12/12
 11134 | D:10     | Found a staircase to the Orcish Mines.
 11302 | D:10     | Noticed a two-headed ogre
 11310 | D:10     | Killed a two-headed ogre
 11311 | D:10     | Reached skill level 11 in Fighting
 11402 | D:10     | Received a gift from Trog
 11483 | D:10     | Identified the +2 leather armour "Besu" {rF++ Str+3}
 12035 | D:11     | Noticed Grum
 12049 | D:11     | Killed Grum
 12065 | D:11     | Noticed Psyche
 12079 | D:11     | Killed Psyche
 12152 | D:11     | Identified the +0 leather armour of the Quahog {rPois rC-
                  | rCorr Str+5}
 12193 | D:11     | Noticed Gastronok
 12204 | D:11     | Killed Gastronok
 12359 | D:11     | Found Sutom's Serpentskin Sales.
 12363 | D:11     | Reached skill level 12 in Fighting
 12392 | D:12     | Noticed a boulder beetle
 12404 | D:12     | Killed a boulder beetle
 12432 | D:12     | Noticed a five-headed hydra
 12439 | D:12     | Killed a five-headed hydra
 12457 | D:12     | Noticed a two-headed ogre
 12462 | D:12     | Noticed Erolcha
 12481 | D:11     | Killed a two-headed ogre
 12507 | D:12     | Killed Erolcha
 12536 | D:12     | Noticed Kirke
 12557 | D:11     | Reached skill level 13 in Fighting
 12602 | D:12     | Killed Kirke
 12603 | D:12     | Reached XP level 13. HP: 88/88 MP: 13/13
 12847 | D:13     | Received a gift from Trog
 12911 | D:13     | Reached skill level 14 in Fighting
 13050 | D:13     | Found Ilorchiu's Assorted Antiques.
 13055 | D:13     | Bought a scroll labelled UTANYE ET DIVEFF for 38 gold
                  | pieces
 13070 | D:13     | Bought a scroll of fear for 133 gold pieces
 13420 | D:14     | Found a hide-covered altar of Uskayaw.
 13638 | D:14     | Found a gate to the Vaults.
 13853 | D:14     | Reached skill level 15 in Fighting
 13877 | D:14     | Reached skill level 15 in Armour
 13942 | D:14     | Identified the +9 spear of a Gauntlet {drain, rPois Dex+2
                  | Stlth+}
 14367 | D:15     | Entered Level 15 of the Dungeon
 14495 | D:15     | Found a white marble altar of Elyvilon.
 14522 | D:15     | Gained mutation: Your large and strong wings let you fly.
                  | [Gargoyle growth]
 14522 | D:15     | Reached XP level 14. HP: 98/98 MP: 14/14
 14773 | D:15     | Received a gift from Trog
 14789 | D:15     | Reached skill level 16 in Fighting
 14912 | D:15     | Noticed Louise
 14936 | D:15     | Killed Louise
 15210 | D:15     | Found a staircase to the Depths.
 15750 | Lair:1   | Entered Level 1 of the Lair of Beasts
 16414 | Lair:1   | Noticed Maggie
 16424 | Lair:1   | Killed Maggie
 16655 | Lair:2   | Reached skill level 17 in Fighting
 16721 | Lair:2   | Found a snail-covered altar of Cheibriados.
 16952 | Lair:2   | Found a frozen archway.
 16963 | IceCv    | Entered an ice cave
 17236 | IceCv    | Reached ****** piety under Trog
 17311 | IceCv    | Reached XP level 15. HP: 107/107 MP: 15/15
 17317 | IceCv    | Received a gift from Trog
 17491 | IceCv    | Found the +4 skin of Zhor {*Englaciate rC+++ SInv}
 18451 | Lair:3   | Reached skill level 18 in Fighting
 19121 | Lair:4   | Received a gift from Trog
 19148 | Lair:4   | Found a staircase to the Swamp.
 19463 | Lair:4   | Found a staircase to the Snake Pit.
 20099 | Lair:5   | Reached skill level 19 in Fighting
 20837 | Lair:6   | Entered Level 6 of the Lair of Beasts
 20838 | Lair:6   | Found a staircase to the Slime Pits.
 21436 | Lair:6   | Reached XP level 16. HP: 98/118 MP: 16/16
 21477 | Lair:6   | Received a gift from Trog
 21488 | Lair:6   | Reached skill level 20 in Fighting
 21580 | Lair:6   | Got the Tome of Arcane Weapons
 21981 | Orc:1    | Entered Level 1 of the Orcish Mines
 22144 | Orc:2    | Entered Level 2 of the Orcish Mines
 22390 | Orc:2    | Reached skill level 21 in Fighting
 22423 | Orc:2    | Received a gift from Trog
 22648 | Orc:2    | Found a staircase to the Elven Halls.
 22709 | Orc:2    | Found Tyesch Gyts's Distillery.
 22722 | Orc:2    | Bought a potion of curing for 42 gold pieces
 22722 | Orc:2    | Bought a potion of ambrosia for 112 gold pieces
 22722 | Orc:2    | Bought a potion of mutation for 112 gold pieces
 22722 | Orc:2    | Bought a potion of curing for 42 gold pieces
 22722 | Orc:2    | Bought a potion of might for 56 gold pieces
 22722 | Orc:2    | Bought a potion of mutation for 112 gold pieces
 22722 | Orc:2    | Bought a potion of invisibility for 112 gold pieces
 23045 | Orc:2    | Found Onig's Antique Armour Boutique.
 23064 | Orc:2    | Bought a runed cloak for 210 gold pieces
 23086 | Orc:2    | Found Teps's General Store.
 23093 | Orc:2    | Bought a potion of curing for 30 gold pieces
 23093 | Orc:2    | Bought a scroll of teleportation for 30 gold pieces
 23110 | Orc:2    | Found Bigrail's Antique Weapon Boutique.
 23125 | Orc:2    | Found Julu's Jewellery Boutique.
 23157 | Elf:1    | Entered Level 1 of the Elven Halls
 23392 | Elf:1    | Got the Almanac of Creation
 23500 | Elf:1    | Reached skill level 22 in Fighting
 23722 | Elf:1    | Found Vipovu Rua's Assorted Antiques.
 23774 | Elf:1    | Bought a scroll of holy word for 232 gold pieces
 23777 | Elf:1    | Bought a ring of protection from fire for 775 gold pieces
 24117 | Elf:2    | Noticed an Executioner
 24138 | Elf:2    | Received a gift from Trog
 24223 | Elf:2    | Identified the ring "Ylojal" {Str+6 Int+2}
 24336 | Elf:2    | Reached skill level 1 in Shields
 24358 | Elf:2    | Found a runed translucent gate.
 24359 | Elf:2    | Found a runed translucent gate.
 24359 | Elf:2    | Found a runed translucent gate.
 24527 | Elf:2    | Noticed Donald
 24543 | Elf:2    | Killed Donald
 24684 | Elf:2    | Noticed a deep elf blademaster
 24701 | Elf:2    | Killed a deep elf blademaster
 24702 | Elf:2    | Reached XP level 17. HP: 129/129 MP: 17/17
 24751 | Elf:2    | Reached skill level 5 in Shields
 25174 | Elf:3    | Entered Level 3 of the Elven Halls
 25240 | Elf:3    | Found Guclyofu's Distillery.
 25245 | Elf:3    | Bought a potion of mutation for 104 gold pieces
 25245 | Elf:3    | Bought a potion of curing for 39 gold pieces
 25245 | Elf:3    | Bought a potion of brilliance for 52 gold pieces
 25245 | Elf:3    | Bought a potion of heal wounds for 65 gold pieces
 25245 | Elf:3    | Bought a potion of mutation for 104 gold pieces
 25513 | Elf:3    | Reached skill level 10 in Shields
 25520 | Elf:3    | Received a gift from Trog
 26166 | Elf:3    | Noticed an Ice Fiend
 26170 | Elf:3    | Noticed an Executioner
 26275 | Elf:3    | Noticed an Executioner
 26312 | Elf:3    | Noticed a deep elf blademaster
 26316 | Elf:3    | Noticed a deep elf blademaster
 26323 | Elf:3    | Noticed a deep elf master archer
 26328 | Elf:3    | Killed a deep elf blademaster
 26341 | Elf:3    | Killed a ghostly deep elf blademaster
 26439 | Elf:3    | Killed a deep elf blademaster
 26489 | Elf:3    | Killed a deep elf master archer
 26504 | Elf:3    | Reached XP level 18. HP: 107/135 MP: 18/18
 26518 | Elf:3    | Noticed a Hell Sentinel
 26552 | Elf:3    | Identified the amulet "Jiemiere" {rC+ Regen+ rCorr}
 26631 | Elf:3    | Identified the ring of Geino {rF+ Str+6 Int+4}
 26631 | Elf:3    | Noticed a deep elf master archer
 26643 | Elf:3    | HP: 2/135 [deep elf master archer/arrow (22)]
 26949 | Elf:3    | Killed a deep elf master archer
 26962 | Elf:3    | Identified the ring of Laubiat {rElec rN+ Str+3 Dex+6 SInv}
 27123 | Elf:3    | Got the Handbook of Earthen Dark Rites
 27126 | Elf:3    | Got Sif Muna's Guide on Sinister Malediction
 27139 | Elf:3    | Identified the +7 dagger "Otampy" {drain, Str+6}
 27148 | Elf:3    | Identified the ring "Astise Usico" {Wiz Will+}
 27159 | Elf:3    | Identified the amulet of the Empire {Faith Regen+ Str+2}
 27611 | Snake:1  | Entered Level 1 of the Snake Pit
 27745 | Snake:1  | Found Qucun's Magic Scroll Emporium.
 27746 | Snake:1  | Found Guitagg's Distillery.
 27746 | Snake:1  | Found Ciosokea's Magic Scroll Emporium.
 27761 | Snake:1  | Found Niammiaf's Antique Weapon Shoppe.
 27790 | Snake:1  | Received a gift from Trog
 27796 | Snake:1  | Reached skill level 15 in Shields
 27864 | Snake:1  | Bought a potion of mutation for 128 gold pieces
 27864 | Snake:1  | Bought a potion of heal wounds for 80 gold pieces
 27864 | Snake:1  | Bought a potion of cancellation for 128 gold pieces
 27864 | Snake:1  | Bought a potion of mutation for 128 gold pieces
 27864 | Snake:1  | Bought a potion of might for 64 gold pieces
 27864 | Snake:1  | Bought a potion of curing for 48 gold pieces
 27872 | Snake:1  | Bought a scroll of teleportation for 42 gold pieces
 27875 | Snake:1  | Bought a scroll of enchant weapon for 90 gold pieces
 27875 | Snake:1  | Bought 2 scrolls of fear for 84 gold pieces
 27875 | Snake:1  | Bought a scroll of enchant armour for 90 gold pieces
 27875 | Snake:1  | Bought a scroll of magic mapping for 42 gold pieces
 27891 | Snake:1  | Noticed Peloso's ghost (adept MiFi)
 27984 | Snake:1  | Noticed Agnes
 27990 | Snake:1  | Killed Agnes
 28100 | Snake:1  | Found a transporter.
 28118 | Snake:1  | Found a transporter.
 28204 | Snake:1  | Killed Peloso's ghost
 28234 | Snake:1  | Got the Grimoire of Venomous Shape Shifting
 29095 | Snake:3  | Received a gift from Trog
 29509 | Snake:4  | Entered Level 4 of the Snake Pit
 29569 | Snake:4  | Found an iron altar of Okawaru.
 29610 | Snake:4  | Noticed Mlioglotl
 29628 | Snake:4  | Killed Mlioglotl
 29866 | Snake:4  | Reached XP level 19. HP: 140/140 MP: 19/19
 30145 | Snake:4  | Got a serpentine rune of Zot
 30330 | Snake:4  | Received a gift from Trog
 30684 | Swamp:1  | Entered Level 1 of the Swamp
 31752 | Swamp:2  | Found a runed translucent door.
 31753 | Swamp:2  | Paralysed by a fenstrider witch for 7 turns
 31896 | Swamp:3  | Received a gift from Trog
 31909 | Swamp:3  | Killed from afar by a bog body

Illustrated notes

Levels and vault maps discovered:
D:1:      elethiomel_arrival_infinity_welcomes_careful_drivers, layout_basic,
          hellmonk_ecumenical_altar_run_dry
D:2:      layout_basic, basic_altar, small_statue_intersection, uniq_terence,
          uniq_natasha
D:3:      layout_loops_cross, minmay_ogre_servants, uniq_sigmund
D:4:      layout_basic, mainiacjoe_overflow_small_starburst,
          small_statue_intersection, uniq_eustachio
D:5:      layout_rooms, marbit_many_paths, minmay_temple_entry_slanted,
          minmay_small_thing, uniq_blork_the_orc
D:6:      layout_cave_pools, grunt_temple_overflow_open, serial_glass,
          glass_columns_a, glass_columns_a, glass_columns_a, glass_columns_b,
          glass_columns_a, glass_columns_a, glass_columns_a, glass_columns_c,
          glass_columns_a, glass_columns_a, glass_columns_b, glass_columns_b,
          glass_columns_a, glass_columns_a, kennysheep_generic_room_14
D:7:      layout_loops_ring, general_overflow_altar,
          minmay_fractal_squares_gapless_5, uniq_joseph, uniq_pikel
D:8:      layout_basic, chequers_serial_rivers_large_a, uniq_harold
D:9:      hangedman_screamer, layout_loops_ring, old_standard_altar,
          mainiacjoe_overflow_catwalk, mainiacjoe_overflow_boulevard,
          erik_lair_orcish_takeover, enter_bailey_5, nicolae_stop_n_shop_2,
          hangedman_decor_lopped, onia_ninara_dug_in_and_dangerous
D:10:     layout_gridville, minmay_orc_entry_guard_dogs
D:11:     layout_small_grid, guppyfry_shop_venom, uniq_grum, uniq_psyche,
          uniq_gastronok
D:12:     layout_cross, uniq_erolcha, uniq_kirke
D:13:     layout_rooms, serial_shops, nicolae_shop_hallway_plus,
          evilmike_butchery
D:14:     layout_loops_ring, david_vaults_2, serial_bayou_lagoon_a, drop_trap,
          hangedman_abyss_or_decor_jellyfish_corner,
          eat_drink_and_be_merry_uskayaw
D:15:     hangedman_depths_entry_civil_slaughter, layout_basic,
          elyvilon_altar_1, uniq_louise
Temple:   cyrus_temple_forest
Lair:1:   layout_hall_layers, serial_bayou_ford_a, uniq_maggie
Lair:2:   hellmonk_warped_wall, layout_loops_ring, portal_ice_cave_rime,
          serial_bayou_pond_d, kennysheep_snail_temple
Lair:3:   layout_concentric_octagons, infiniplex_staircase_pool_2,
          lemuel_fruit_tree, lemuel_fruit_fields
Lair:4:   layout_cave_pods, swamp_mist, guppyfry_snake_entry_island,
          beast_lair_carwin_1
Lair:5:   layout_gridlike
Lair:6:   gammafunk_lair_ancient_temple, layout_loops_ring,
          minmay_slime_entry_jelly_boxes, wad_woods_river_03,
          minmay_lair_oklob_bushes, minivault_25
Swamp:1:  layout_basic_swamp, hangedman_swamp_pad, swamp_pool3,
          hangedman_swamp_grove
Swamp:2:  layout_basic_swamp, nicolae_swamp_fairy_circle, swamp_pool1,
          statue_in_the_mist_lemuel, nzn_swamp_weyward_sisters
Swamp:3:  layout_falls_marsh, ebering_ghost_inner_flame, hangedman_swamp_lotus
Snake:1:  layout_rooms, gammafunk_ghost_arena, grunt_ministairs_11,
          minmay_shoptagon, uniq_agnes
Snake:2:  layout_cave_town, drop_trap
Snake:3:  layout_rooms, nicolae_snake_guarding_the_ruins
Snake:4:  johnstein_snake_rune_scales, layout_rooms, basic_altar, uniq_mlioglotl
Orc:1:    layout_caves
Orc:2:    grunt_orc_cross, layout_caves, serial_shops, shop_fountains
Elf:1:    eino_elf_arrival_the_gate, layout_rooms, minmay_elf_demonology,
          minmay_shop_star, lemuel_upstairs_altar
Elf:2:    nicolae_elf_blades_crystal_corner, layout_loops_cross, uniq_donald
Elf:3:    elf_hall, layout_geoelf_castle, serial_shops, shop, grunt_ministairs_7

Skill      XL: |  1  2  3  4  5  6  7  8  9 10 11 12 13 14 15 16 17 18 19 |
---------------+----------------------------------------------------------+-----
Maces & Flails | 4 5 7 9 11 13 14 | 14.0
Fighting       | 7 10 13 15 17 19 22 | 22.5
Armour         | 7 10 13 15 17 18 | 18.1
Shields        | 4 13 18 20 | 20.2
Dodging        | |  1.5

Action                   |  1- 3 |  4- 6 |  7- 9 | 10-12 | 13-15 | 16-18 | 19-21 || total
-------------------------+-------+-------+-------+-------+-------+-------+-------++-------
Melee: Mace              |    12 |       |       |       |       |       |       ||    12
       Dagger            |    44 |       |       |       |       |       |       ||    44
       Short sword       |    55 |    77 |       |       |       |       |       ||   132
       Falchion          |       |    24 |    19 |       |       |       |       ||    43
       Flail             |       |       |   241 |   457 |       |       |       ||   698
       Punch             |       |       |     1 |       |       |     4 |       ||     5
       Demon whip        |       |       |       |   130 |  1103 |  1471 |   403 ||  3107
Invok: Berserk           |     4 |     3 |     9 |    10 |     2 |    12 |     2 ||    42
       Trog's Hand       |       |     1 |     1 |     2 |     2 |    11 |     1 ||    18
       Brothers in Arms  |       |       |       |       |       |     1 |       ||     1
Evoke: Wand              |       |       |       |     1 |     1 |       |       ||     2
  Use: Scroll            |       |       |       |    17 |    10 |    11 |     8 ||    46
       Potion            |       |       |       |       |       |     4 |     1 ||     5
Armor: Ring mail         |    59 |    26 |       |       |       |       |       ||    85
       Animal skin       |     1 |       |       |       |       |       |       ||     1
       Scale mail        |       |    51 |    25 |       |       |       |       ||    76
       Pearl dragon scal |       |       |   112 |   132 |       |       |       ||   244
       Plate armour      |       |       |       |   346 |   677 |   950 |   188 ||  2161
Dodge: Dodged            |    52 |    56 |   104 |   291 |   282 |   311 |    63 ||  1159
       Repelled          |       |       |       |     6 |     5 |    39 |     8 ||    58
Block: Kite shield       |       |       |       |       |       |   306 |       ||   306
       Reflection        |       |       |       |       |       |    64 |    20 ||    84
       Tower shield      |       |       |       |       |       |   287 |   422 ||   709
